 Dungeon Crawl Stone Soup version 0.28-a0-1518-gbe868bca14 (webtiles) character file.

Game seed: 2438983662822556561

46 knot the Chopper (level 3, -5/43 HPs)
             Began as a Demonspawn Berserker on Jan 17, 2022.
             Was a Believer of Trog.
             Killed from afar by Sigmund (11 damage)
             ... with a puff of flame
             ... on level 2 of the Dungeon.
             The game lasted 00:00:59 (1120 turns).

knot the Chopper (Demonspawn Berserker)             Turns: 1120, Time: 00:01:04

Health: -5/43      AC:  2    Str: 17    XL:     3   Next: 46%
Magic:  3/3        EV: 12    Int: 10    God:    Trog [**....]
Gold:   82         SH:  0    Dex: 12    Spells: 2/2 levels left

rFire   . . .      SeeInvis .   a - +0 hand axe
rCold   . . .      Faith    .   (no shield)
rNeg    . . .      Spirit   .   b - +0 animal skin
rPois   .          Reflect  .   (helmet restricted)
rElec   .          Harm     .   (no cloak)
rCorr   .          Rampage  .   (no gloves)
Will    ++...                   (no boots)
Stlth   ..........              (no amulet)
HPRegen 2.14/turn               (no ring)
MPRegen 0.08/turn               (no ring)

@: berserking, strong-willed, regenerating, very quick
A: antennae 1, powered by death 1
a: Renounce Religion, Berserk, Trog's Hand


You were on level 2 of the Dungeon.
You worshipped Trog.
Trog was pleased with you.
You visited 1 branch of the dungeon, and saw 2 of its levels.

You collected 82 gold pieces.

Inventory:

Hand Weapons
 a - a +0 hand axe (weapon)
Missiles
 f - 47 stones (quivered)
Armour
 b - a +0 animal skin (worn)
Scrolls
 c - a scroll of fear {unknown}
 g - a scroll of amnesia {unknown}
 j - 2 scrolls of identify {unknown}
Potions
 d - a potion of might {unknown}
 e - 2 potions of curing {unknown}
 h - a potion of flight {unknown}
 i - a potion of haste {unknown}


   Skills:
 - Level 3.0 Fighting
 * Level 4.0 Axes
 * Level 0.8 Throwing
 - Level 1.7 Armour
 - Level 1.7 Dodging


You had 2 spell levels left.
You didn't know any spells.
Your spell library was empty.

Dungeon Overview and Level Annotations

Branches:
Dungeon (2/15)

Altars:

Annotations:
D:2 Sigmund


Innate Abilities, Weirdness & Mutations

You have a pair of small antennae on your head.
You regenerate a little health from kills.


Message History

There is a large open door here.
You hit Sigmund.
Sigmund is lightly wounded.
You hit Sigmund.
Sigmund is lightly wounded.
Sigmund points at you and mumbles some strange words.
The magic dart hits you.
A ball python comes into view.
Your skin crawls.
You feel strong-willed. Sigmund hits you with a +0 scythe.
A red film seems to cover your vision as you go berserk!
You feel yourself moving faster!
You feel mighty!
The ball python hisses angrily.
The quokka barely misses you.
Sigmund zaps a wand.
The puff of flame hits you.
You are too injured to fight recklessly!
You are too injured to fight recklessly!
You are too injured to fight recklessly!
You are too injured to fight recklessly!
You completely miss Sigmund.
Sigmund is lightly wounded.
You closely miss the quokka. The quokka bites you. Sigmund closely misses you.
You closely miss Sigmund.
Sigmund is lightly wounded.
You barely miss the quokka. The quokka barely misses you.
You closely miss Sigmund.
Sigmund is lightly wounded.
You barely miss the quokka. The quokka misses you.
Sigmund zaps a wand.
The puff of flame hits you!
* * * LOW HITPOINT WARNING * * *
You hit Sigmund.
Sigmund is lightly wounded.
You hit the quokka. The quokka closely misses you.
You slash Sigmund!
Sigmund is almost dead.
You hit the quokka.
You kill the quokka!
Trog accepts your kill.
Sigmund zaps a wand.
The puff of flame hits you!
You die...

#.##.......... #.#
##....######### ..
#.....+ . #.# #.....#
<.###..###.†####
.........#..#
.........#..#
......S@.#..# #@##..#
#######'##..#
............#
............#
............#
########....############
##...##..........
#...##..........
#...##..........


You could see Sigmund and a ball python.

Vanquished Creatures
  2 adders (D:2)
  3 endoplasms (D:1)
  A giant cockroach (D:1)
  4 goblins
  A hobgoblin (D:1)
  4 jackals (D:1)
  3 quokkas
  2 ball pythons
  3 bats (D:1)
  3 rats
26 creatures vanquished.

Notes
Turn   | Place    | Note
-------+----------+-------------------------------------------
     0 | D:1      | knot the Demonspawn Berserker began the quest for the Orb.
     0 | D:1      | Reached XP level 1. HP: 18/18 MP: 1/1
   117 | D:1      | Reached skill level 3 in Axes
   199 | D:1      | Gained mutation: You have a pair of small antennae on your
                  | head. [demonic ancestry]
   199 | D:1      | Reached XP level 2. HP: 24/24 MP: 2/2
   515 | D:1      | Found a faded altar of an unknown god.
   828 | D:2      | Gained mutation: You regenerate a little health from kills.
                  | [demonic ancestry]
   828 | D:2      | Reached XP level 3. HP: 17/29 MP: 3/3
   973 | D:2      | Reached ** piety under Trog
  1031 | D:2      | Reached skill level 4 in Axes
  1109 | D:2      | Noticed Sigmund
  1120 | D:2      | Killed from afar by Sigmund

Illustrated notes

Levels and vault maps discovered:
D:1:      tarquinn_simple_flora_water_d, layout_rooms,
          chequers_ecumenical_altar_simple_redux
D:2:      layout_basic, uniq_sigmund, uniq_robin

Skill      XL: |  1  2  3 |
---------------+----------+-----
Axes           | 3 4 |  4.0
Fighting       | |  3.0
Throwing       | |  0.8
Armour         | |  1.7
Dodging        | |  1.7

Action                   || total
-------------------------++-------
Melee: Hand axe          ||    73
Throw: Stone             ||     4
Invok: Berserk           ||     2
       Trog's Hand       ||     1
 Stab: Sleeping          ||     1
Armor: Animal skin       ||    13
Dodge: Dodged            ||    56

Table legend: (Time is in decaauts)
 A = Elapsed time spent in this place.
 B = Non-inter-level travel time spent in this place.
 C = Inter-level travel time spent in this place.
 D = Time resting spent in this place.
 E = Time spent auto-exploring this place.
 F = Levels seen in this place.
 G = Mean time per level.
                   A        B        C        D        E       F      G
               +--------+--------+--------+--------+--------+-----+--------+
         Total |   1133 |   1119 |     14 |    296 |    661 |   2 |  566.5 |
       Dungeon |   1133 |   1119 |     14 |    296 |    661 |   2 |  566.5 |
               +--------+--------+--------+--------+--------+-----+--------+

Top non-repeatable levels by time:
     D:1: 763 daAuts
     D:2: 370 daAuts
